 Dungeon Crawl Stone Soup version 0.21-a0-426-g98080a9 (webtiles) character file.

229 GoodRolls the Conjurer (level 6, -2/32 HPs)
             Began as a Tengu Fire Elementalist on Nov 7, 2017.
             Slain by Natasha (9 damage)
             ... on level 3 of the Dungeon.
             The game lasted 00:09:04 (3770 turns).

GoodRolls the Conjurer (Tengu Fire Elementalist)    Turns: 3770, Time: 00:09:05

Health: -2/32      AC:  4    Str:  8    XL:     6   Next: 3%
Magic:  11/13      EV: 12    Int: 15    God:
Gold:   102        SH:  0    Dex: 17    Spells: 0/13 levels left

rFire    . . .     SeeInvis .   (no weapon)
rCold    . . .     Gourm    .   (no shield)
rNeg     . . .     Faith    .   j - +0 leather armour {rPois}
rPois    +         Spirit   .   (helmet restricted)
rElec    .         Reflect  .   i - +0 cloak
rCorr    .         Harm     .   (no gloves)
MR       .....                  (boots unavailable)
Stlth    ++........             (no amulet)
HPRegen  0.10/turn              g - ring of wizardry
MPRegen  0.13/turn              (no ring)

@: slowed, very slow
A: beak, talons 3, able to fly 1
a: Fly


You were on level 3 of the Dungeon.
You were near starving.

You visited 1 branch of the dungeon, and saw 4 of its levels.

You collected 102 gold pieces.

Inventory:

Armour
 i - a +0 cloak (worn)
 j - a +0 leather armour of poison resistance (worn)
Jewellery
 g - a ring of wizardry (left hand)
Scrolls
 m - a scroll of identify
 p - a scroll of remove curse
 r - a scroll of teleportation
Potions
 d - a potion of heal wounds
 e - 2 potions of haste {unknown}
 h - 2 potions of curing
 k - a potion of ambrosia {unknown}
 n - a potion of mutation {unknown}
 q - 2 potions of invisibility {unknown}
 s - a potion of degeneration {unknown}
Books
 b - a book of Flames

   Spells                             Type                      Level
   a - Flame Tongue                   Conjuration/Fire             1
   b - Throw Flame                    Conjuration/Fire             2
   c - Conjure Flame                  Conjuration/Fire             3
   d - Inner Flame                    Hexes/Fire                   3
   e - Sticky Flame                   Conjuration/Fire             4
   f - Fireball                       Conjuration/Fire             5
Comestibles
 c - 2 bread rations
 f - 4 royal jellies
 o - 2 meat rations


   Skills:
 - Level 2.1 Dodging
 - Level 2.0 Stealth
 - Level 4.3 Spellcasting
 - Level 5.0 Conjurations
 + Level 3.3 Fire Magic


You couldn't memorise any spells.
You knew the following spells:

 Your Spells              Type           Power        Failure   Level  Hunger
a - Flame Tongue          Conj/Fire      ###..        1%          1    None
b - Throw Flame           Conj/Fire      ###...       2%          2    ##.....
c - Conjure Flame         Conj/Fire      ###.....     6%          3    ###....
d - Inner Flame           Hex/Fire       #.......     16%         3    ###....
e - Sticky Flame          Conj/Fire      ###.....     17%         4    ####...


Dungeon Overview and Level Annotations

Branches:
Dungeon (4/15)
 Temple: D:4-7

Altars:
Makhleb
The Shining One

Annotations:
D:3 Natasha
D:4 Dowan, Duvessa, Ijyb, Sigmund


Innate Abilities, Weirdness & Mutations

You have a beak for a mouth.
You have claws for feet.
You can fly.


Message History

Natasha drinks a potion.
Natasha is healed!
The white imp gestures at you. The puff of frost misses you.
You closely miss Natasha. You claw Natasha.
Natasha is moderately wounded.
Natasha claws you. The white imp gestures at you. The puff of frost hits you!
Natasha claws you.
You hit Natasha but do no damage.
Natasha is moderately wounded.
Natasha misses you. The white imp closely misses you.
You hit Natasha.
Natasha is moderately wounded.
Natasha mumbles some strange words.
The white imp hits you.
* * * LOW HITPOINT WARNING * * *
The white imp freezes you.
* * * LOW HITPOINT WARNING * * *
Natasha claws you!
You die...

##.#...........รท..#
############.#......#######.#
#..............)....# #.#
#.##########.#......# #.#
##.#..........####.#.# #.#
##.#.#########..8..#.# #.# ##.#.#
#######...P.#.# #.#
##.#.###.........8.#.#######.#
...............h@...........>#
##.#########.#55############.#
##.....................# #.#
........####.#########.# #.#
#######..# #....# #.#####.#### #
##.# #....# #...........
########.###....######.#####.####
.............................#
########..##....################


You could see Natasha, a white imp and a shadow imp.

Vanquished Creatures
  A hound (D:2)
  Crazy Yiuf (D:2)
  Natasha (D:3)
  Terence (D:1)
  2 adders (D:2)
  An ooze (D:3)
  An adder zombie (D:3)
  An adder skeleton (D:3)
  7 worms
  2 leopard geckos (D:2)
  3 ball pythons
  4 giant cockroaches
  4 hobgoblins
  6 jackals (D:1)
  7 kobolds
  3 quokkas
  5 bats
  A frilled lizard (D:3)
  10 goblins
  A quokka skeleton (D:3)
  10 rats
72 creatures vanquished.

Notes
Turn   | Place    | Note
-------+----------+-------------------------------------------
     0 | D:1      | GoodRolls the Tengu Fire Elementalist began the quest for the Orb.
     0 | D:1      | Reached XP level 1. HP: 10/10 MP: 4/4
    38 | D:1      | Reached skill level 2 in Conjurations
   119 | D:1      | Reached XP level 2. HP: 11/15 MP: 4/6
   142 | D:1      | Learned a level 2 spell: Throw Flame
   360 | D:1      | Reached skill level 3 in Conjurations
   741 | D:2      | Reached skill level 4 in Conjurations
   741 | D:2      | Reached XP level 3. HP: 19/19 MP: 1/7
   804 | D:2      | Learned a level 3 spell: Conjure Flame
   810 | D:2      | Noticed Terence
   916 | D:1      | Killed Terence
   916 | D:1      | Reached skill level 5 in Conjurations
   916 | D:1      | Reached XP level 4. HP: 22/24 MP: 0/8
  1526 | D:2      | Found a burning altar of Makhleb.
  1537 | D:2      | Gained mutation: You can fly. [Tengu growth]
  1537 | D:2      | Reached XP level 5. HP: 26/28 MP: 0/10
  1678 | D:2      | Found a runed door.
  1727 | D:2      | Noticed Crazy Yiuf
  1731 | D:2      | Killed Crazy Yiuf
  1790 | D:2      | Found a glowing golden altar of the Shining One.
  2191 | D:2      | Found a faded altar of an unknown god.
  2316 | D:3      | Learned a level 3 spell: Inner Flame
  2813 | D:3      | Noticed Natasha
  2820 | D:3      | Killed Natasha
  2865 | D:3      | Reached XP level 6. HP: 29/32 MP: 9/13
  2896 | D:3      | Learned a level 4 spell: Sticky Flame
  3519 | D:4      | Noticed Duvessa
  3519 | D:4      | Noticed Dowan
  3545 | D:3      | Noticed Natasha
  3741 | D:4      | Noticed Sigmund
  3741 | D:4      | Noticed Ijyb
  3770 | D:3      | Slain by Natasha

Vault maps used:
D:1:      sevenhm_arrival_forest_fort_large_4
D:2:      tso_oasis_becter, makhleb_heckhound_becter,
          chequers_ecumenical_altar_lobes, nrook_mini_backslash,
          minmay_randomly_rotated_circles, uniq_terence, uniq_crazy_yiuf_cottage
D:3:      serial_undead, serial_undead_b, serial_undead_e, serial_undead_c,
          serial_undead_c, roderic_serpentine_path, uniq_natasha
D:4:      nicolae_gozag_cash_rules_everything_around_me, uniq_duvessa,
          uniq_sigmund, uniq_robin, uniq_ijyb

Skill      XL: |  1  2  3  4  5 |
---------------+----------------+-----
Conjurations   | 2 4 5 |  5.0
Spellcasting   | 3 4 |  4.3
Dodging        | |  2.1
Stealth        | |  2.0
Fire Magic     | |  3.3

Action                   |  1- 3 |  4- 6 || total
-------------------------+-------+-------++-------
Melee: Unarmed           |    12 |    66 ||    78
       Peck              |     3 |     8 ||    11
       Kick              |     1 |    17 ||    18
 Cast: Flame Tongue      |    26 |    77 ||   103
       Throw Flame       |     8 |    14 ||    22
       Conjure Flame     |     2 |     4 ||     6
  Use: Scroll            |       |     5 ||     5
 Stab: Sleeping          |       |     2 ||     2
  Eat: Chunk             |       |    10 ||    10
Armor: Robe              |     4 |    19 ||    23
       Leather armour    |       |     1 ||     1
Dodge: Dodged            |    16 |    59 ||    75

Table legend:
 A = Spawn XP
 B = Non-spawn XP
 C = Spawn XP percentage of total XP
 D = Spawn monster count
 E = Non-spawn monster count
 F = Spawn count percentage of total count
 G = Total turns spent on level
                    A         B        C        D         E        F      G
               +---------+---------+-------+---------+---------+-------+---------
         Total |       0 |     328 |   0.0 |       0 |      72 |   0.0 |  3770
               +---------+---------+-------+---------+---------+-------+---------
           D:1 |       0 |      66 |   0.0 |       0 |      19 |   0.0 |   899
           D:2 |       0 |     178 |   0.0 |       0 |      34 |   0.0 |  1347
           D:3 |       0 |      84 |   0.0 |       0 |      19 |   0.0 |  1513
               +---------+---------+-------+---------+---------+-------+---------
